omghax, neutral male scurrid Tourist --- .@. ... omghax the Rambler Experience level: 1 Strength: 13 Dexterity: 9 Constitution: 14 Intelligence: 11 Wisdom: 8 Charisma: 22 Health: 5(9) Energy: 2(2) Def: 0 Gold: 433 Moves: 46 Dungeon seed: lQygaYf6R3aCRwDk Game ID: omghax_1498614611 Your Inventory: Coins $ - 433 gold pieces Weapons a - 40 uncursed +2 darts (in quiver) Armor e - an uncursed +0 Hawaiian shirt (being worn) Comestibles b - 7 uncursed food rations c - 3 uncursed tripe rations d - an uncursed fortune cookie f - an uncursed pancake g - 2 uncursed cloves of garlic Scrolls i - 3 uncursed scrolls of magic mapping j - a blessed scroll of magic mapping Potions h - 2 uncursed potions of extra healing Wands m - an uncursed wand of secret door detection (0:12) Tools k - an uncursed expensive camera (0:88) l - an uncursed credit card n - an uncursed tin opener Spells and supernatural/magical abilities: Name Level Category Fail Memory W - pray for help -- divine ? -- Your skills at the end: Miscellaneous Skills wands [Basic] Weapon Skills dart [Basic] Spellcasting Skills Final Attributes: You were devoutly aligned. You had infravision. You were very stealthy. You survived. Vanquished creatures: a hobbit Voluntary challenges: You went without food. You did not adorn yourself with jewelry or accessories. You did not cause conflict. You were not invisible. You did not have reflection. You were not displaced. You were an atheist. You never hit with a wielded weapon. You were a pacifist. You did not use tools. You did not use plumbed fixtures. You did not drink any magical draughts. You were illiterate. You never genocided any monsters. You never polymorphed an object. You never changed form. You used no wishes. You never split a pudding. You never wrote Elbereth's name. You never violated your personal moral code. Dungeon overview: The Dungeons of Doom: levels 1 to 19 Level 1 a long staircase Level 2 Level 3 Level 4 Level 5 Level 6 a fountain Level 7 a fountain, a sink Level 8 Level 9 Level 10 Level 11 an altar to The Lady Level 12 Level 13 Level 14 Level 15 Level 16 Level 17 Level 18 Level 19 <- You were here History has recorded: On T:1 you entered the Dungeons of Doom to retrieve the Amulet of Yendor! On T:5 you reached level 2 of The Dungeons of Doom. On T:7 you reached level 3 of The Dungeons of Doom. On T:10 you reached level 4 of The Dungeons of Doom. On T:12 you reached level 5 of The Dungeons of Doom. On T:14 you reached level 6 of The Dungeons of Doom. On T:16 you reached level 7 of The Dungeons of Doom. On T:19 you reached level 8 of The Dungeons of Doom. On T:21 you reached level 9 of The Dungeons of Doom. On T:23 you reached level 10 of The Dungeons of Doom. On T:27 you reached level 11 of The Dungeons of Doom. On T:29 you reached level 12 of The Dungeons of Doom. On T:31 you reached level 13 of The Dungeons of Doom. On T:36 you reached level 15 of The Dungeons of Doom. On T:38 you reached level 16 of The Dungeons of Doom. On T:40 you reached level 17 of The Dungeons of Doom. On T:43 you reached level 18 of The Dungeons of Doom. On T:43 you entered the Rogue tribute level. On T:45 you reached level 19 of The Dungeons of Doom. Score breakdown: Gold: 29 ( 2 points) Experience: 1 level ( 0 points) Exploration: 19 levels ( 540 points) Discoveries: 0 items ( 0 points) Variety of kills: 1 monster ( 50 points) Major goal: (nothing yet) ( 0 points) Survival: quit (score multiplied by 3) Total score: 1776 Latest messages: You dig a hole through the floor. You fall through... You start digging downward. You continue digging downward. You dig a pit in the floor. You continue digging downward. You dig a hole through the floor. You fall through... You start digging downward. You continue digging downward. You dig a pit in the floor. You continue digging downward. You dig a hole through the floor. You fall through... You enter what seems to be an older, more primitive world. You start digging downward. You continue digging downward. You dig a pit in the floor. You continue digging downward. You dig a hole through the floor. You fall through... That command is only available in debug mode. Final status: Aloha omghax the Tourist, quit... You quit in The Dungeons of Doom on dungeon level 19 with 1776 points, and 433 pieces of gold, after 46 moves. You were level 1 with a maximum of 9 hit points when you quit.